General information
- name: BNet
- type: Ladder team game (AT/RT)
- host: Battle.net
- saver: TALONSAREIMBA
map: MarketSquare
- players: 8
- length: 12:26
- speed: Fast
- version: 1.24 W3XP
- replay type: Public
» download(85 KB)
Players
team 1 (winner)

»
TALONSAREIMBA (
green | 135 APM | 1673 actions | 12:26)
6 Demon Hunter
3 Mana Burn
2 Evasion
1 Metamorphosis
» actions
| Assign group hotkey | 14 | |
| Basic commands | 74 | |
| Build / train | 44 | |
| Enter build submenu | 14 | |
| Enter hero's abilities submenu | 6 | |
| Remove unit from queue | 1 | |
| Right click | 786 | |
| Select / deselect | 476 | |
| Select group hotkey | 221 | |
| Use ability | 37 | |
1673 total
» units
» upgrades
| Strength of the Wild | 1 | |
| Corrosive Breath | 1 | |
2 total
» buildings
| Altar of Elders | 1 | |
| Moon Well | 5 | |
| Ancient of War | 2 | |
| Ancient of Wonders | 1 | |
| Tree of Ages | 1 | |
| Hunter's Hall | 1 | |
| Tree of Life | 1 | |
| Ancient of Wind | 1 | |
| Tree of Eternity | 1 | |
| Chimaera Roost | 2 | |
16 total
» build order
00:05 Altar of Elders
00:06 Moon Well
00:53 Ancient of War
01:29 Moon Well
02:02 Ancient of Wonders
02:15 Ancient of War
03:23 Moon Well
04:39 Tree of Ages
05:06 Hunter's Hall
06:34 Moon Well
06:47 Tree of Life
07:28 Ancient of Wind
07:58 Tree of Eternity
08:44 Moon Well
10:20 Chimaera Roost
10:21 Chimaera Roost
SpaceWHALE (
red | 85 APM | 1061 actions | 12:25)
4 Keeper of the Grove
2 Entangling Roots
2 Force of Nature
» actions
| Build / train | 49 | |
| ESC pressed | 5 | |
| Enter build submenu | 14 | |
| Enter hero's abilities submenu | 4 | |
| Right click | 743 | |
| Select / deselect | 221 | |
| Use ability | 25 | |
1061 total
» units
| Wisp | 11 | |
| Archer | 8 | |
| Huntress | 1 | |
| Dryad | 8 | |
| Druid of the Talon | 9 | |
37 total
» upgrades
| Reinforced Hides | 2 | |
| Strength of the Wild | 2 | |
| Druid of the Talon Training | 1 | |
| Abolish Magic | 1 | |
6 total
» buildings
| Altar of Elders | 1 | |
| Moon Well | 5 | |
| Ancient of War | 1 | |
| Hunter's Hall | 1 | |
| Tree of Ages | 1 | |
| Ancient Protector | 1 | |
| Ancient of Lore | 1 | |
| Ancient of Wind | 1 | |
12 total
» build order
00:12 Altar of Elders
00:17 Moon Well
00:49 Ancient of War
01:28 Moon Well
02:18 Moon Well
03:23 Hunter's Hall
04:27 Tree of Ages
04:44 Moon Well
06:13 Moon Well
06:20 Ancient Protector
06:52 Ancient of Lore
06:55 Ancient of Wind
soulzouk (
purple | 38 APM | 478 actions | 12:25)
4 Keeper of the Grove
1 Force of Nature
2 Thorns Aura
1 Entangling Roots
» actions
| Assign group hotkey | 12 | |
| Build / train | 42 | |
| ESC pressed | 1 | |
| Enter build submenu | 14 | |
| Enter hero's abilities submenu | 5 | |
| Remove unit from queue | 1 | |
| Right click | 141 | |
| Select / deselect | 143 | |
| Select group hotkey | 98 | |
| Use ability | 21 | |
478 total
» units
| Wisp | 16 | |
| Archer | 3 | |
| Huntress | 9 | |
| Dryad | 3 | |
31 total
» upgrades
| Strength of the Moon | 1 | |
| Moon Armor | 1 | |
| Abolish Magic | 1 | |
3 total
» buildings
| Moon Well | 4 | |
| Altar of Elders | 1 | |
| Ancient of War | 2 | |
| Hunter's Hall | 1 | |
| Tree of Life | 1 | |
| Tree of Ages | 1 | |
| Ancient of Lore | 3 | |
| Tree of Eternity | 1 | |
14 total
» build order
00:11 Moon Well
01:09 Altar of Elders
01:13 Ancient of War
01:18 Moon Well
02:07 Ancient of War
02:48 Hunter's Hall
03:11 Moon Well
03:40 Moon Well
05:06 Tree of Life
07:52 Tree of Ages
10:20 Ancient of Lore
11:11 Tree of Eternity
11:15 Ancient of Lore
11:20 Ancient of Lore
patman3000 (
teal | 24 APM | 302 actions | 12:25)
4 Warden
2 Fan of Knives
2 Blink
» actions
| Assign group hotkey | 4 | |
| Basic commands | 9 | |
| Build / train | 34 | |
| ESC pressed | 2 | |
| Enter build submenu | 15 | |
| Enter hero's abilities submenu | 4 | |
| Remove unit from queue | 1 | |
| Right click | 97 | |
| Select / deselect | 106 | |
| Select group hotkey | 1 | |
| Use ability | 29 | |
302 total
» units
» upgrades
| Strength of the Moon | 1 | |
| Moon Armor | 1 | |
| Sentinel | 1 | |
3 total
» buildings
| Altar of Elders | 1 | |
| Moon Well | 6 | |
| Ancient of War | 1 | |
| Hunter's Hall | 1 | |
| Ancient of Wonders | 1 | |
| Ancient Protector | 2 | |
| Tree of Ages | 1 | |
13 total
» build order
00:03 Altar of Elders
00:06 Moon Well
00:14 Ancient of War
01:53 Moon Well
03:12 Moon Well
03:15 Hunter's Hall
03:51 Ancient of Wonders
04:06 Moon Well
04:45 Moon Well
07:13 Moon Well
07:52 Ancient Protector
07:55 Ancient Protector
08:40 Tree of Ages
team 2 (loser)
MODELS (
yellow | 36 APM | 292 actions | 08:11)
3 Paladin
2 Holy Light
1 Devotion Aura
» actions
| Assign group hotkey | 9 | |
| Basic commands | 13 | |
| Build / train | 23 | |
| Enter build submenu | 11 | |
| Enter hero's abilities submenu | 3 | |
| Right click | 106 | |
| Select / deselect | 46 | |
| Select group hotkey | 56 | |
| Use ability | 25 | |
292 total
» units
» upgrades
» buildings
| Altar of Kings | 1 | |
| Barracks | 1 | |
| Farm | 5 | |
| Scout Tower | 1 | |
| Arcane Tower | 1 | |
| Arcane Vault | 1 | |
| Keep | 1 | |
| Blacksmith | 1 | |
| Lumber Mill | 1 | |
13 total
» build order
00:08 Altar of Kings
00:13 Barracks
00:21 Farm
00:55 Farm
01:37 Scout Tower
01:42 Farm
02:03 Arcane Tower
02:27 Arcane Vault
04:25 Farm
04:26 Farm
04:29 Keep
04:45 Blacksmith
04:56 Lumber Mill
» items
PoRViDa (
orange | 39 APM | 487 actions | 12:21)
4 Far Seer
2 Feral Spirit
2 Chain Lighting
» actions
| Assign group hotkey | 36 | |
| Build / train | 40 | |
| Enter build submenu | 14 | |
| Enter hero's abilities submenu | 4 | |
| Remove unit from queue | 1 | |
| Right click | 180 | |
| Select / deselect | 122 | |
| Select group hotkey | 54 | |
| Use ability | 36 | |
487 total
» units
| Peon | 7 | |
| Grunt | 8 | |
| Shaman | 1 | |
| Tauren | 1 | |
17 total
» upgrades
| Berserker Strength | 1 | |
| Armor | 1 | |
| Melee Weapons | 1 | |
| Shaman Training | 2 | |
| Pulverize | 1 | |
6 total
» buildings
| Altar of Storms | 1 | |
| Orc Burrow | 5 | |
| Barracks | 1 | |
| Voodoo Lounge | 1 | |
| Stronghold | 1 | |
| War Mill | 1 | |
| Spirit Lodge | 1 | |
| Fortress | 1 | |
| Tauren Totem | 3 | |
15 total
» build order
00:16 Altar of Storms
00:27 Orc Burrow
00:39 Barracks
01:40 Orc Burrow
02:12 Voodoo Lounge
04:03 Stronghold
04:06 Orc Burrow
04:09 War Mill
06:37 Spirit Lodge
06:42 Fortress
08:01 Orc Burrow
09:02 Orc Burrow
09:07 Tauren Totem
09:08 Tauren Totem
09:16 Tauren Totem
» items
| Healing Salve | 1 | |
| Lesser Clarity Potion | 1 | |
| Scroll of Speed | 2 | |
| Scroll of Town Portal | 1 | |
| Potion of Mana | 3 | |
| Potion of Healing | 1 | |
9 total
OrcN_lt (
blue | 39 APM | 479 actions | 12:24)
3 Shadow Hunter
1 Hex
2 Healing Wave
» actions
| Basic commands | 4 | |
| Build / train | 37 | |
| Enter build submenu | 20 | |
| Enter hero's abilities submenu | 3 | |
| Remove unit from queue | 1 | |
| Right click | 239 | |
| Select / deselect | 139 | |
| Use ability | 36 | |
479 total
» units
| Peon | 12 | |
| Troll Headhunter/Berserker | 9 | |
| Troll Witch Doctor | 1 | |
22 total
» upgrades
| Ranged Weapons | 2 | |
| Armor | 1 | |
| Berserker Upgrade | 1 | |
| Witch Doctor Training | 1 | |
5 total
» buildings
| Orc Burrow | 6 | |
| Altar of Storms | 1 | |
| Barracks | 2 | |
| War Mill | 1 | |
| Watch Tower | 6 | |
| Stronghold | 1 | |
| Voodoo Lounge | 2 | |
| Fortress | 1 | |
| Spirit Lodge | 1 | |
21 total
» build order
00:13 Orc Burrow
00:21 Altar of Storms
00:52 Barracks
01:41 War Mill
01:57 Orc Burrow
02:28 Barracks
02:50 Orc Burrow
03:31 Watch Tower
04:51 Stronghold
04:57 Voodoo Lounge
05:01 Watch Tower
06:54 Orc Burrow
06:56 Orc Burrow
07:28 Watch Tower
07:34 Watch Tower
08:19 Fortress
08:24 Orc Burrow
08:39 Watch Tower
08:59 Spirit Lodge
09:07 Watch Tower
09:34 Voodoo Lounge
» items
| Scroll of Town Portal | 1 | |
| Potion of Mana | 1 | |
| Lesser Clarity Potion | 1 | |
3 total
Surgite (
pink | 27 APM | 323 actions | 12:10)
4 Blood Mage
2 Banish
2 Flame Strike
» actions
| Assign group hotkey | 10 | |
| Build / train | 36 | |
| ESC pressed | 3 | |
| Enter build submenu | 20 | |
| Enter hero's abilities submenu | 4 | |
| Right click | 45 | |
| Select / deselect | 115 | |
| Select group hotkey | 49 | |
| Use ability | 41 | |
323 total
» units
| Peasant | 9 | |
| Footman | 12 | |
| Rifleman | 3 | |
| Assassin | 1 | |
25 total
» upgrades
» buildings
| Altar of Kings | 1 | |
| Farm | 10 | |
| Barracks | 1 | |
| Arcane Vault | 1 | |
| Lumber Mill | 1 | |
| Scout Tower | 4 | |
| Blacksmith | 1 | |
| Arcane Tower | 2 | |
| Keep | 1 | |
22 total
» build order
00:29 Altar of Kings
00:41 Farm
00:58 Barracks
01:27 Farm
01:44 Arcane Vault
02:01 Lumber Mill
02:09 Farm
02:16 Scout Tower
02:51 Blacksmith
02:56 Farm
03:02 Farm
03:41 Scout Tower
04:20 Farm
04:22 Scout Tower
04:52 Arcane Tower
04:56 Farm
05:26 Farm
07:51 Farm
08:17 Keep
08:56 Scout Tower
09:29 Farm
09:31 Arcane Tower
» items
Chat log
(00:19 / Allies) SpaceWHALE: hi
(00:24 / Allies) SpaceWHALE: archers to dots and hippos
(00:25 / Allies) SpaceWHALE: units ?
(00:35 / Allies) patman3000: just rush the hell out of them
(00:36 / Allies) soulzouk: chims/hippo
(00:47 / Allies) SpaceWHALE: you guys wanna rush it ?
(00:51 / Allies) patman3000: yeah
(00:55 / Allies) patman3000: puprle and i here
(00:55 / Allies) soulzouk: rush hunter
(01:02 / Allies) SpaceWHALE: kk
(01:04 / Allies) SpaceWHALE: archers here
(01:31 / Allies) patman3000: you know whats crazy
(01:41 / Allies) patman3000: playing this on a 46' tv
(01:46 / Allies) SpaceWHALE: hahaha
(01:50 / Allies) soulzouk: two ancien war
(02:04 / Allies) patman3000: purple
(02:05 / Allies) patman3000: hero?
(02:12 / Allies) soulzouk: keeper
(02:22 / Allies) patman3000: u forgot to make an alter for hero rush
(04:15 / Allies) SpaceWHALE: green
(04:15 / Allies) SpaceWHALE: come
(04:17 / Allies) SpaceWHALE: we gotta hit
(05:25 / Allies) patman3000: go go go
(05:56 / Allies) patman3000: go for their main
(06:03 / Allies) SpaceWHALE: b
(06:03 / Allies) SpaceWHALE: b
(06:03 / Allies) SpaceWHALE: b
(06:04 / Allies) SpaceWHALE: b
(07:03 / Allies) SpaceWHALE: good job guys on yellow
(07:56 / Allies) SpaceWHALE: so guys
(07:57 / Allies) SpaceWHALE: units ?
(09:15 / Allies) patman3000: yellow has no workers
(09:17 / Allies) patman3000: so hes done
(09:22 / Allies) SpaceWHALE: nice
(09:26 / Allies) patman3000: get AA
(09:47 / All) PoRViDa: gg
(09:52 / All) SpaceWHALE: gg
(10:27 / Allies) SpaceWHALE: out
(10:54 / Allies) SpaceWHALE: go teal
(12:13 / All) SpaceWHALE: gg
(12:20 / All) PoRViDa: gg